 Dungeon Crawl Stone Soup version 0.26-a0-651-gb41185065b (webtiles) character file.

Game seed: 17827720380368378651

133796 kae the Brawler (level 16, -2/144 HPs)
             Began as a Purple Draconian Transmuter on Oct 20, 2020.
             Was the Champion of Wu Jian.
             Slain by a spectral alligator snapping turtle (26 damage)
             ... called from beyond by a ghost crab
             ... on level 4 of the Swamp on Oct 21, 2020.
             The game lasted 00:38:56 (44159 turns).

kae the Brawler (Purple Draconian Transmuter)      Turns: 44159, Time: 00:38:57

Health: -2/144     AC: 16    Str: 18    XL:     16   Next: 60%
Magic:  0/23       EV: 19    Int: 18    God:    Wu Jian [******]
Gold:   4117       SH:  0    Dex: 12    Spells: 10/25 levels left

rFire    . . .     SeeInvis .     - Unarmed
rCold    + . .     Faith    .   (shield currently unavailable)
rNeg     + . .     Spirit   +   (armour unavailable)
rPois    .         Reflect  .   N - +1 hat
rElec    .         Harm     .   D - +1 cloak {Stlth+}
rCorr    .         Rampage  .   (gloves currently unavailable)
MR       ++...                  (no boots)
Stlth    +++.......             C - amulet of guardian spirit
HPRegen  0.34/turn              Q - ring of Impatience {+Inv rC+ rN+ Int+3}
MPRegen  0.18/turn              j - +4 ring of protection

@: about to teleport, blade hands (expiring), lightly drained
A: breathe power, unfitting armour, cold-blooded, AC +9
a: Breathe Dispelling Energy, End Transformation, Wall Jump, Serpent's Lash,
Heavenly Storm, Renounce Religion, Evoke Invisibility


You were on level 4 of the Swamp.
You worshipped Wu Jian.
Wu Jian was exalted by your worship.
You had blades for hands.
You visited 5 branches of the dungeon, and saw 28 of its levels.
You also visited: Ice Cave.

You collected 4304 gold pieces.
You spent 187 gold pieces at shops.

Inventory:

Hand Weapons
 e - a +1 scimitar of flaming
Armour
 D - a +1 cloak of stealth (worn)
 N - a +1 hat (worn)
 W - a +0 pair of gloves of strength (melded)
Jewellery
 d - an uncursed ring of protection from fire
 j - a +4 ring of protection (right scythe-like blade)
 p - an uncursed ring of magical power
 v - an uncursed ring of flight
 A - an uncursed ring of see invisible
 C - an amulet of guardian spirit (around neck)
 H - an uncursed ring of magical power
 M - the ring "Rareutza" {*Drain Int+4 Dex+9 SInv}
   (You found it on level 3 of the Lair of Beasts)

   [ring of see invisible]

   It affects your intelligence (+4).
   It affects your dexterity (+9).
   It lets you see invisible.
   It causes draining when unequipped.
 P - an uncursed ring of resist corrosion
 Q - the ring of Impatience (left scythe-like blade) {+Inv rC+ rN+ Int+3}
   (You found it on level 12 of the Dungeon)

   [ring of protection from cold]

   It affects your intelligence (+3).
   It protects you from cold.
   It protects you from negative energy.
   It lets you turn invisible.
 V - an uncursed amulet of reflection
Wands
 n - a wand of paralysis (16)
 r - a wand of iceblast (39)
 s - a wand of polymorph (33)
 B - a wand of flame (63)
 E - a wand of disintegration (30)
 K - a wand of enslavement (14)
 O - a wand of digging (9)
 R - a wand of random effects (27)
 S - a wand of acid (9)
Scrolls
 a - 12 scrolls of identify
 f - 10 scrolls of remove curse
 h - 8 scrolls of teleportation
 q - a scroll of holy word
 w - 9 scrolls of enchant weapon
 y - 4 scrolls of fear
 I - 2 scrolls of enchant armour
 J - 2 scrolls of amnesia
 T - 3 scrolls of fog
 U - a scroll of brand weapon
 X - a scroll of summoning
Potions
 b - 7 potions of flight
 c - 4 potions of might
 g - 6 potions of brilliance
 i - 5 potions of haste
 k - 5 potions of curing
 l - 3 potions of magic
 m - 2 potions of invisibility
 t - 4 potions of mutation
 u - 4 potions of lignification
 x - 3 potions of ambrosia
 z - 2 potions of berserk rage
 F - 4 potions of stabbing
 G - 3 potions of cancellation


   Skills:
 + Level 13.2(12.8) Fighting
 - Level 13.3(12.9) Dodging
 - Level 5.0(4.6) Stealth
 - Level 18.0(17.5) Unarmed Combat
 - Level 5.0(4.6) Spellcasting
 - Level 12.0(11.6) Transmutations
 - Level 5.0(4.6) Ice Magic
 - Level 5.0(4.6) Evocations


You had 10 spell levels left.
You knew the following spells:

 Your Spells              Type           Power        Failure   Level
a - Beastly Appendage     Tmut           #####.       8%          1
b - Wereblood             Tmut           #####...     9%          2
c - Spider Form           Tmut/Pois      ####......   28%         3
d - Blade Hands           Tmut           #####.....   26%         5
e - Ice Form              Ice/Tmut       ####....     32%         4

Your spell library contained the following spells:

 Spells                   Type           Power        Failure   Level
 Magic Dart               Conj           #...         54%         1
 Shock                    Conj/Air       #...         54%         1
 Corpse Rot               Necr/Air       N/A          63%         2
 Searing Ray              Conj           #.....       63%         2
 Sublimation of Blood     Necr           #.........   63%         2
 Swiftness                Air            #.......     63%         2
 Dazzling Flash           Conj/Hex       #.....       80%         3
 Static Discharge         Conj/Air       #.......     80%         3
 Airstrike                Air            #.........   98%         4
 Dispel Undead            Necr           #.......     98%         4
 Fulminant Prism          Conj/Hex       #.........   98%         4
 Iskenderun's Mystic Bla  Conj/Tloc      #.......     98%         4
 Metabolic Englaciation   Hex/Ice        ##........   98%         5
 Agony                    Necr           #.......     100%        5
 Excruciating Wounds      Necr           #.........   100%        5
 Lightning Bolt           Conj/Air       #.........   100%        5
 Freezing Cloud           Conj/Ice/Air   #.........   100%        6
 Ozocubu's Refrigeration  Ice            ###.......   100%        6
 Simulacrum               Ice/Necr       ##........   100%        6


Dungeon Overview and Level Annotations

Branches:
Dungeon (15/15)            Temple (1/1) D:6            Lair (6/6) D:10
  Swamp (4/4) Lair:3        Snake (0/4) Lair:4        Slime (0/5) Lair:6
    Orc (2/2) D:10            Elf (0/3) Orc:2        Vaults (0/5) D:13
 Depths (0/5) D:15          IceCv (visited)

Altars:
Ashenzari
Cheibriados
Dithmenos
Elyvilon
Fedhas
Hepliaklqana
Kikubaaqudgha
Makhleb
Nemelex Xobeh
Okawaru
Ru
Sif Muna
Trog
Uskayaw
Vehumet
Wu Jian
Xom
Yredelemnul
Zin
The Shining One
Beogh

Shops:
Orc:2 [([*:

Annotations:
D:5 exclusion: centaur
D:12 6 runed translucent doors, Sonja
D:15 3 runed translucent doors, Xuitinua's ghost, journeyman GnFE
Lair:4 1 runed translucent door, Ozorerr's ghost, journeyman DDGl


Innate Abilities, Weirdness & Mutations

You can breathe bolts of dispelling energy.
Your rich purple scales are hard. (AC +9)
You cannot fit into any form of body armour.
You are cold-blooded and may be slowed by cold attacks.


Message History

* * * LOW HITPOINT WARNING * * *
Your transformation is almost over.
The spectral alligator fades away!
The spectral spriggan druid fades away!
The spectral hornet closely misses you.
The spectral seven-headed hydra closely misses you.
The spectral seven-headed hydra bites you but does no damage.
The spectral seven-headed hydra bites you.
* * * LOW HITPOINT WARNING * * *
The spectral seven-headed hydra completely misses you.
The spectral seven-headed hydra barely misses you.
The spectral seven-headed hydra bites you.
* * * LOW HITPOINT WARNING * * *
The spectral seven-headed hydra completely misses you.
The spectral hornet hits you.
* * * LOW HITPOINT WARNING * * *
You slice the spectral seven-headed hydra!!
You destroy the spectral seven-headed hydra!
You are engulfed in spectral mist.
The spectral alligator snapping turtle bites you!!
You die...

≈≈≈..≈≈≈<.≈♣
≈♣♣≈≈≈≈≈.≈♣♣♣
♣≈≈≈≈≈≈...♣♣♣♣♣♣♣
♣♣≈≈≈≈≈≈≈≈..♣♣...♣♣
♣≈≈≈≈≈≈≈≈≈.≈♣.≈≈≈.♣
♣.≈≈≈≈≈≈.≈≈♣♣≈≈≈≈.
♣♣..≈≈≈≈♣♣♣♣♣♣☼≈≈♣♣
.≈...≈§≈..♣ ♣♣☼†/≈♣
≈≈≈≈≈≈≈..≈♣♣♣♣@○°≈.♣
≈≈≈≈≈≈≈≈.≈≈.☼ZZ☼☼≈.♣♣♣
§≈≈≈≈≈≈≈.♣♣≈°.Zt☼≈≈§.♣
.≈≈≈.......♣♣♣.≈°≈°≈≈.♣
♣≈..≈..<≈≈≈ ♣Z.≈°≈≈≈.≈♣
♣♣♣≈...≈≈≈≈≈ ♣≈.≈Z○≈≈≈.♣
♣♣≈.≈≈≈≈≈≈.♣....≈≈≈....
§≈..§≈≈≈......≈...♣♣♣)≈.
≈≈≈..≈≈.≈♣≈≈≈♣♣♣≈.♣ .≈≈§


You could see a ghost crab, a spectral cane toad (summoned), a spectral swamp
drake (summoned), a spectral hornet (summoned), a spectral snapping turtle
(summoned) and a spectral alligator snapping turtle (summoned).

Vanquished Creatures
  Nikola (Swamp:1)
  Gastronok (Lair:3)
  3 thorn hunters
  Kirke (D:12)
  An orc warlord (Orc:2)
  Azrael (D:12)
  Snorg (D:13)
  Erolcha (D:9)
  5 vault guards (D:13)
  11 hydras
  2 shambling mangroves (Swamp:2)
  2 centaur warriors
  Erica (D:10)
  7 two-headed ogres
  8 alligators
  3 death yaks
  2 orc high priests (Orc:2)
  A tengu warrior (D:14)
  5 swamp dragons
  3 spriggan druids
  4 unseen horrors
  3 orc knights (Orc:2)
  Pikel (D:6)
  2 necromancers
  4 deep elf magi
  2 manticores
  8 orc sorcerers
  2 cyclopes
  An oklob plant (Lair:1)
  4 ugly things
  Maurice (D:12)
  Psyche (D:8)
  14 elephants
  4 black mambas
  5 gargoyles
  17 cane toads
  An ice statue (IceCv)
  2 naga magi (D:15)
  4 centaur skeletons
  6 rime drakes
  12 komodo dragons
  11 freezing wraiths
  4 kobold demonologists (D:14)
  2 ice devils (D:14)
  A tengu conjurer (D:14)
  3 trolls
  16 hornets
  2 wolf spider simulacra (IceCv)
  11 tyrant leeches
  5 polar bears (Lair:6)
  Prince Ribbit (Lair:2)
  7 blink frogs
  13 slime creatures
  A dream sheep (Lair:6)
  6 bog bodies
  6 hippogriffs
  28 spriggans
  5 shadows
  A vampire (D:14)
  15 yaks
  4 wyverns
  2 hogs (D:12)
  A human (D:13)
  2 basilisks
  4 wraiths
  Eustachio (D:5)
  A steam dragon (D:13)
  4 fire elementals (D:12)
  Menkaure (D:5)
  14 swamp worms
  22 vampire mosquitoes
  A warg (Orc:1)
  A harpy simulacrum (D:15)
  3 acid dragons
  20 insubstantial wisps
  5 porcupines
  A hell hound (D:12)
  11 water moccasins
  26 orc warriors
  4 sky beasts
  8 swamp drakes
  An eye of draining (D:11)
  2 phantoms (D:10)
  2 necrophages
  10 ice beasts
  14 ogres
  5 black bears
  4 boggarts (Lair:6)
  2 hornet zombies
  7 centaurs
  26 wolves
  10 crocodiles
  5 big kobolds
  17 bullfrogs
  A gnoll sergeant (D:7)
  3 wyvern zombies
  2 scorpions
  A wyvern skeleton (D:9)
  4 troll zombies (D:10)
  9 killer bees
  15 wights
  8 howler monkeys
  2 electric eels (Lair:6)
  5 centaur zombies
  5 draconian simulacra (IceCv)
  4 jellies
  Crazy Yiuf (D:5)
  20 orc priests
  6 hounds
  21 orc wizards
  A bullfrog skeleton (D:12)
  An iguana (D:14)
  Jessica (D:2)
  9 worker ants
  3 troll simulacra (IceCv)
  A killer bee zombie (D:6)
  2 wolf simulacra (IceCv)
  4 ogre zombies (D:10)
  4 centaur simulacra
  A howler monkey zombie (D:5)
  Robin (D:2)
  4 gnolls (D:7)
  An ogre simulacrum (IceCv)
  16 adders
  8 naga simulacra (IceCv)
  A shadow imp (D:10)
  13 white imps
  An adder zombie (D:6)
  3 worms
  5 dart slugs
  5 leopard geckos
  94 orcs
  7 bats
  5 giant cockroaches
  14 goblins
  12 hobgoblins
  22 jackals
  29 kobolds
  8 quokkas
  A ball python (D:2)
  A frilled lizard (D:2)
  4 goblin skeletons (D:10)
  4 goblin zombies (D:10)
  A hobgoblin skeleton (D:10)
  2 jackal skeletons
  A leopard gecko skeleton (D:7)
  An orc skeleton (D:10)
  15 orc zombies (D:10)
  5 rats
  4 briar patches
959 creatures vanquished.

Vanquished Creatures (others)
  2 humans (D:12)
  A vampire mosquito (Lair:3)
  A swamp drake (Swamp:1)
  A hound (D:12)
  An orc wizard (Orc:2)
  A briar patch (Swamp:1)
  25 fungi
  19 plants
51 creatures vanquished.

Grand Total: 1010 creatures vanquished

Notes
Turn   | Place    | Note
-------+----------+-------------------------------------------
     0 | D:1      | kae the Draconian Transmuter began the quest for the Orb.
     0 | D:1      | Reached XP level 1. HP: 16/16 MP: 3/3
    63 | D:1      | Reached XP level 2. HP: 7/23 MP: 3/5
   683 | D:1      | Reached XP level 3. HP: 18/28 MP: 4/6
   889 | D:1      | Reached skill level 4 in Unarmed Combat
  1188 | D:2      | Learned a level 2 spell: Wereblood
  1192 | D:2      | Learned a level 3 spell: Spider Form
  1479 | D:2      | Noticed Robin
  1480 | D:2      | Noticed Jessica
  1647 | D:2      | Found a blossoming altar of Fedhas.
  1695 | D:2      | Reached XP level 4. HP: 35/35 MP: 5/7
  1730 | D:2      | Killed Jessica
  2001 | D:2      | Killed Robin
  2001 | D:2      | Reached skill level 5 in Unarmed Combat
  2001 | D:2      | Reached XP level 5. HP: 24/40 MP: 8/8
  3861 | D:4      | Noticed an ogre
  3888 | D:4      | Killed an ogre
  3888 | D:4      | Reached skill level 6 in Unarmed Combat
  3888 | D:4      | Reached XP level 6. HP: 36/47 MP: 2/9
  4345 | D:5      | Entered Level 5 of the Dungeon
  4392 | D:5      | Noticed Eustachio
  4395 | D:5      | Noticed Menkaure
  5095 | D:5      | Found a runed translucent door.
  5096 | D:5      | Noticed Crazy Yiuf
  5131 | D:5      | Killed Menkaure
  5131 | D:5      | Reached skill level 7 in Unarmed Combat
  5131 | D:5      | Your scales start taking on a rich purple colour.
  5131 | D:5      | Reached XP level 7. HP: 22/52 MP: 7/10
  5390 | D:5      | Killed Eustachio
  5390 | D:5      | Reached skill level 5 in Transmutations
  5824 | D:5      | Killed Crazy Yiuf
  6059 | D:6      | Noticed Pikel
  6088 | D:6      | Reached skill level 8 in Unarmed Combat
  6169 | D:6      | Reached XP level 8. HP: 59/59 MP: 11/11
  6242 | D:6      | Killed Pikel
  6242 | D:6      | Reached skill level 9 in Unarmed Combat
  6597 | D:6      | Found a staircase to the Ecumenical Temple.
  6867 | Temple   | Entered the Ecumenical Temple
  6990 | Temple   | Became a worshipper of the Wu Jian Council
  7030 | D:7      | Reached skill level 10 in Unarmed Combat
  7052 | D:6      | Reached XP level 9. HP: 41/64 MP: 12/12
  8040 | D:7      | Reached * piety under Wu Jian
  8277 | D:7      | Reached skill level 11 in Unarmed Combat
 10431 | D:8      | Reached XP level 10. HP: 51/71 MP: 9/13
 10647 | D:8      | Noticed a two-headed ogre
 10656 | D:8      | Killed a two-headed ogre
 10656 | D:8      | Reached skill level 12 in Unarmed Combat
 10720 | D:8      | Noticed Psyche
 10735 | D:8      | Killed Psyche
 10802 | D:8      | Reached ** piety under Wu Jian
 10847 | D:8      | Learned a level 5 spell: Blade Hands
 12277 | D:9      | Noticed Erolcha
 12290 | D:9      | Killed Erolcha
 12290 | D:9      | Reached skill level 13 in Unarmed Combat
 12887 | D:9      | Found a shimmering altar of Xom.
 12922 | D:10     | Entered Level 10 of the Dungeon
 12937 | D:10     | Noticed Erica
 12949 | D:10     | Killed Erica
 12949 | D:10     | Reached skill level 10 in Transmutations
 12949 | D:10     | Reached XP level 11. HP: 76/77 MP: 8/14
 13264 | D:10     | Reached *** piety under Wu Jian
 13314 | D:10     | Noticed a death yak
 13324 | D:10     | Killed a death yak
 13324 | D:10     | Reached skill level 14 in Unarmed Combat
 13325 | D:10     | Noticed a death yak
 13326 | D:10     | Found a staircase to the Lair.
 13326 | D:10     | Noticed a death yak
 13326 | D:10     | Noticed a death yak
 13326 | D:10     | Noticed a death yak
 13326 | D:10     | Noticed a death yak
 13338 | D:10     | Killed a death yak
 13701 | D:9      | Killed a death yak
 13880 | D:10     | Found a staircase to the Orcish Mines.
 14078 | D:10     | Reached **** piety under Wu Jian
 14928 | D:11     | Noticed an unseen horror
 14941 | D:11     | Killed an unseen horror
 15338 | D:11     | Reached skill level 15 in Unarmed Combat
 15432 | D:11     | Noticed an unseen horror
 15441 | D:11     | Killed an unseen horror
 15803 | Lair:1   | Entered Level 1 of the Lair of Beasts
 15803 | Lair:1   | Noticed an oklob plant
 16070 | Lair:1   | Reached skill level 5 in Fighting
 16167 | Lair:1   | Noticed a four-headed hydra
 16176 | Lair:1   | Killed a four-headed hydra
 16369 | Lair:1   | Reached XP level 12. HP: 90/96 MP: 9/15
 16489 | Lair:1   | Found the +4 dagger "Morg" {pain, MR+ Int+5}
 16830 | Lair:1   | Reached ***** piety under Wu Jian
 17526 | Lair:1   | Learned a level 4 spell: Ice Form
 17561 | Lair:2   | Noticed Prince Ribbit
 17573 | Lair:2   | Killed Prince Ribbit
 17840 | Lair:2   | Reached skill level 10 in Fighting
 19973 | Lair:3   | Got a transparent platinum ring
 20028 | Lair:3   | Noticed a four-headed hydra
 20053 | Lair:2   | Killed a four-headed hydra
 20415 | Lair:3   | Noticed a six-headed hydra
 20423 | Lair:3   | Killed a six-headed hydra
 20608 | Lair:3   | Noticed Gastronok
 20621 | Lair:3   | Killed Gastronok
 20773 | Lair:3   | Found a staircase to the Swamp.
 20797 | Lair:3   | Reached XP level 13. HP: 105/119 MP: 9/16
 21676 | Lair:4   | Found a staircase to the Snake Pit.
 22159 | Lair:4   | Reached skill level 1 in Ice Magic
 22250 | Lair:4   | Found a runed translucent door.
 22250 | Lair:4   | Noticed Ozorerr's ghost (journeyman DDGl)
 22589 | Lair:5   | Reached skill level 5 in Dodging
 23684 | Lair:5   | Identified the ring "Rareutza" {*Drain Int+4 Dex+9 SInv}
                  | (You found it on level 3 of the Lair of Beasts)
 23715 | Lair:6   | Entered Level 6 of the Lair of Beasts
 24750 | Lair:6   | Reached skill level 5 in Ice Magic
 25591 | Lair:6   | Reached ****** piety under Wu Jian
 26027 | Lair:6   | Reached XP level 14. HP: 111/129 MP: 12/17
 26440 | Lair:6   | Found a staircase to the Slime Pits.
 27086 | D:12     | Noticed Kirke
 27094 | D:12     | Noticed Maurice
 27097 | D:12     | Killed Kirke
 27097 | D:12     | Reached skill level 10 in Dodging
 27097 | D:12     | Noticed Azrael
 27102 | D:12     | Killed Azrael
 27108 | D:12     | Killed Maurice
 27669 | D:12     | Got a warped bone ring
 28009 | D:12     | Found a runed translucent gate.
 28009 | D:12     | Found a runed translucent gate.
 28009 | D:12     | Found a runed translucent gate.
 28013 | D:12     | Noticed a storm dragon
 28013 | D:12     | Noticed a frost giant
 28014 | D:12     | Noticed a storm dragon
 28046 | D:12     | Noticed Sonja
 28065 | D:12     | Found a runed translucent gate.
 28065 | D:12     | Found a runed translucent gate.
 28065 | D:12     | Found a runed translucent gate.
 28441 | D:12     | Identified the ring of Impatience {+Inv rC+ rN+ Int+3} (You
                  | found it on level 12 of the Dungeon)
 28857 | D:13     | Noticed Snorg
 28864 | D:13     | Killed Snorg
 29405 | D:13     | Found a gate to the Vaults.
 30296 | D:14     | Found a frozen archway.
 30355 | IceCv    | Entered an ice cave
 30625 | IceCv    | Reached XP level 15. HP: 135/135 MP: 14/18
 30765 | IceCv    | Found an ancient bone altar of Kikubaaqudgha.
 30773 | IceCv    | Reached skill level 1 in Evocations
 32086 | D:14     | Reached skill level 5 in Evocations
 32716 | D:14     | Identified a scroll of acquirement
 32716 | D:14     | Acquired 1174 gold pieces
 32737 | D:15     | Entered Level 15 of the Dungeon
 33197 | D:15     | Found a roughly hewn altar of Beogh.
 33664 | D:15     | Found a runed translucent gate.
 33668 | D:15     | Found a runed translucent gate.
 33668 | D:15     | Found a runed translucent gate.
 34088 | D:15     | Found a staircase to the Depths.
 34330 | D:15     | Noticed Xuitinua's ghost (journeyman GnFE)
 34649 | Orc:1    | Entered Level 1 of the Orcish Mines
 34662 | Orc:1    | Reached skill level 16 in Unarmed Combat
 34995 | Orc:2    | Entered Level 2 of the Orcish Mines
 35126 | Orc:2    | Found Wuibeler's Antique Armour Shoppe.
 36111 | Orc:2    | Found a roughly hewn altar of Beogh.
 36111 | Orc:2    | Noticed an orc warlord
 36120 | Orc:2    | Found Rinyireb's Book Boutique.
 36123 | Orc:2    | Killed an orc warlord
 36613 | Orc:2    | Bought an embroidered cloak for 187 gold pieces
 36640 | Orc:2    | Found a staircase to the Elven Halls.
 36751 | Orc:2    | Found Muvvusaith's Antique Armour Boutique.
 36791 | Orc:2    | Found Jafar's General Store.
 36805 | Orc:2    | Found Vallipt's Antique Weapon Boutique.
 37317 | Swamp:1  | Entered Level 1 of the Swamp
 37353 | Swamp:1  | Noticed a thorn hunter
 37367 | Swamp:1  | Killed a thorn hunter
 37367 | Swamp:1  | Reached skill level 17 in Unarmed Combat
 39605 | Swamp:1  | Noticed Nikola
 39627 | Swamp:1  | Killed Nikola
 40020 | Swamp:1  | Reached XP level 16. HP: 143/143 MP: 14/19
 41060 | Swamp:2  | Reached skill level 18 in Unarmed Combat
 41352 | Swamp:2  | Reached skill level 5 in Spellcasting
 41365 | Swamp:2  | Reached skill level 1 in Stealth
 42614 | Swamp:3  | Reached skill level 5 in Stealth
 43099 | Swamp:3  | Noticed a thorn hunter
 43117 | Swamp:3  | Killed a thorn hunter
 43801 | Swamp:3  | Noticed a thorn hunter
 43811 | Swamp:3  | Killed a thorn hunter
 44039 | Swamp:4  | Entered Level 4 of the Swamp
 44159 | Swamp:4  | Slain by a spectral alligator snapping turtle

Illustrated notes

Levels and vault maps discovered:
D:1:      shiori_arrival_oz, layout_loops_ring
D:2:      layout_basic, minivault_19, fedhas_ov_isle_minmay, uniq_robin,
          uniq_jessica
D:3:      layout_loops_ring, minmay_misc_feat_hallway
D:4:      layout_gridville, minmay_strange_pillars
D:5:      layout_loops_ring, uniq_crazy_yiuf_cottage, uniq_menkaure,
          uniq_eustachio
D:6:      layout_cave_pools, minmay_temple_entry_hall, uniq_pikel
D:7:      layout_rooms
D:8:      layout_gridville, uniq_psyche
D:9:      layout_roguey, lemuel_coloured_pillars_altar, special_room
          [special_room_orc], hangedman_decor_lopped, uniq_erolcha
D:10:     layout_loops_ring, dpeg_lair_monsters, zombieorc2_lemuel, uniq_erica
D:11:     layout_irregular_city
D:12:     kennysheep_treasure_stockpile, layout_rooms, uniq_azrael, uniq_kirke,
          uniq_maurice, uniq_sonja
D:13:     layout_roguey, grunt_vaults_entry_fortified, serial_curves,
          eino_curves_04, eino_curves_03, uniq_snorg
D:14:     layout_roguey, kennysheep_another_room, portal_ice_cave_demonic_guard
D:15:     grunt_enter_depths_magical_seal, layout_basic,
          gammafunk_ghost_tricky_traps, special_room [special_room_orc],
          drop_trap
Temple:   regret_index_temple_sigil_plot
Lair:1:   kb_forest_paths, layout_regular_city, st_stairs_3,
          dpeg_stationary_puzzle
Lair:2:   layout_cave_pods, serial_bayou_shore_b, uniq_prince_ribbit2
Lair:3:   layout_chaotic_city, swamp_mist_pool, st_stairs_11, uniq_gastronok
Lair:4:   layout_small_grid, dummy_snake_entry, hellmonk_ghost_happy_afterlife
Lair:5:   layout_cave_pods
Lair:6:   minmay_lair_end_enchanted_forest, layout_regular_city,
          minmay_slime_entry_pillars, minivault_25, columned_hall_lemuel,
          serial_bayou_ford_a
Swamp:1:  layout_falls_marsh, nicolae_swamp_feature_on_the_river_bank,
          uniq_nikola
Swamp:2:  layout_basic_swamp, hangedman_swamp_ruin_wall, swamp_pool1
Swamp:3:  layout_falls_marsh, evilmike_swamp_ruin_house_1
Swamp:4:  swamp_basic_johnstein, layout_basic_swamp, swamp_pool1
Orc:1:    layout_caves
Orc:2:    grunt_orc_cross, layout_diamond_mine, serial_shops,
          nicolae_shop_waterfront

Skill      XL: |  1  2  3  4  5  6  7  8  9 10 11 12 13 14 15 16 |
---------------+-------------------------------------------------+-----
Unarmed Combat | 4 5 6 7 8 10 11 13 15 17 18 | 18.0
Transmutations | 3 4 5 7 8 10 11 12 | 12.0
Fighting       | 6 12 13 | 13.2
Dodging        | 8 13 | 13.3
Ice Magic      | 5 |  5.0
Evocations     | 5 |  5.0
Spellcasting   | 5 |  5.0
Stealth        | 5 |  5.0

Action                   |  1- 3 |  4- 6 |  7- 9 | 10-12 | 13-15 | 16-18 || total
-------------------------+-------+-------+-------+-------+-------+-------++-------
Melee: Unarmed           |    98 |   196 |   297 |   593 |  1198 |   313 ||  2695
       Kick              |    18 |    35 |    28 |     8 |       |       ||    89
       Headbutt          |     4 |    14 |    17 |     5 |       |       ||    40
       Tailslap          |     3 |    14 |    17 |    73 |    94 |    17 ||   218
       Punch             |     1 |     3 |    10 |    28 |    64 |     8 ||   114
 Cast: Beastly Appendage |    21 |    25 |    21 |    11 |     1 |       ||    79
       Spider Form       |       |     4 |    20 |     7 |       |       ||    31
       Wereblood         |       |     1 |       |     2 |       |       ||     3
       Blade Hands       |       |       |       |    47 |    81 |    13 ||   141
       Ice Form          |       |       |       |     1 |    33 |    14 ||    48
Invok: Lunge             |       |       |     8 |    39 |    75 |    24 ||   146
       Whirlwind         |       |       |       |     4 |    74 |    13 ||    91
 Abil: Breathe Dispellin |       |       |     1 |     4 |       |       ||     5
       End Transformatio |       |       |       |       |     1 |       ||     1
Evoke: Wand              |       |       |       |     2 |     4 |       ||     6
  Use: Scroll            |     8 |     9 |     4 |    12 |    12 |     1 ||    46
       Potion            |       |     1 |     1 |       |     1 |       ||     3
 Stab: Sleeping          |       |       |     1 |     2 |       |     3 ||     6
       Confused          |       |       |       |       |     1 |       ||     1
Armor: Skin              |    43 |    53 |   117 |   143 |   296 |    58 ||   710
Dodge: Dodged            |    86 |   139 |   274 |   251 |   847 |   161 ||  1758

Table legend: (Time is in decaauts)
 A = Elapsed time spent in this place.
 B = Non-inter-level travel time spent in this place.
 C = Inter-level travel time spent in this place.
 D = Time resting spent in this place.
 E = Time spent auto-exploring this place.
 F = Levels seen in this place.
 G = Mean time per level.
                   A        B        C        D        E       F      G
               +--------+--------+--------+--------+--------+-----+--------+
         Total |  43793 |  42117 |   1676 |  11350 |  25355 |  29 | 1510.1 |
       Dungeon |  21786 |  20759 |   1027 |   4447 |  13270 |  15 | 1452.4 |
        Temple |    134 |    101 |     33 |      0 |     96 |   1 |  134.0 |
          Lair |  13029 |  12570 |    459 |   4119 |   7420 |   6 | 2171.5 |
         Swamp |   5093 |   5013 |     80 |   1390 |   2961 |   4 | 1273.2 |
  Orcish Mines |   2378 |   2303 |     75 |    883 |   1156 |   2 | 1189.0 |
      Ice Cave |   1369 |   1369 |      0 |    511 |    451 |   1 | 1369.0 |
               +--------+--------+--------+--------+--------+-----+--------+

Top non-repeatable levels by time:
  Lair:3: 3019 daAuts
  Lair:2: 2700 daAuts
  Lair:5: 2262 daAuts
  Lair:6: 2009 daAuts
     D:8: 2005 daAuts
  Lair:1: 1892 daAuts
     D:7: 1825 daAuts
 Swamp:2: 1809 daAuts
    D:10: 1774 daAuts
    D:15: 1745 daAuts
     D:6: 1725 daAuts
   Orc:2: 1709 daAuts
 Swamp:3: 1631 daAuts
    D:14: 1629 daAuts
     D:5: 1564 daAuts
